Match 41359864
Unlisted

Match 41359864
End
Pioneer Squad
Construct Infanterie Kompanie
Selects Terror Battlegroup
Grenadier Squad
Grenadier Squad
Grenadier Squad
Infanterie Officer Quarters
Grenadier Squad
Construct Luftwaffe Kompanie
Flak 30 Anti-aircraft Gun Team
Jäger Squad
Jäger Squad
Jäger Squad
Selects Machine Gun Camouflage
Selects Defend the Fatherland
Selects Interrogate
Construct Panzer Kompanie
Sturmpanzer IV Brummbär
Pioneer Squad
Selects King Tiger Heavy Tank
King Tiger Heavy Tank
Pioneer Squad
Panzer Officer Quarters
Selects Jericho Trumpet
Jericho Trumpet
ashilrye
Mr.Faraam
spinn72
八佰
Weebanori
J_Shizlet
한국사람
胡萝卜
0
0

Comments sign in to comment!

No comments posted yet!